 Dungeon Crawl Stone Soup version 0.28-a0-46-g7b1be97da7 (webtiles) character file.

Game seed: 15201014174793928571

5009 zazu2006 the Magician (level 10, -2/74 (84) HPs)
             Began as a Naga Hedge Wizard on July 29, 2021.
             Slain by a wight (8 damage)
             ... on level 9 of the Dungeon.
             The game lasted 00:28:10 (12835 turns).

zazu2006 the Magician (Naga Hedge Wizard)          Turns: 12835, Time: 00:28:11

HP:   -2/74 (84)    AC:  7    Str: 13    XL:     10   Next: 54%
MP:   13/21         EV: 11    Int: 17    God:
Gold: 347           SH:  0    Dex: 17    Spells: 15/24 levels left

rFire   . . .      SeeInvis +   d - +0 scimitar
rCold   + + .      Faith    .   (no shield)
rNeg    . . .      Spirit   .   A - +0 steam dragon scales
rPois   +          Reflect  .   n - +0 helmet
rElec   .          Harm     .   (no cloak)
rCorr   .          Rampage  .   (no gloves)
Will    ++...                   (no barding)
Stlth   +++.......              q - amulet "Oloulax" {RegenMP rC++ Will+}
HPRegen 0.22/turn               i - +6 ring of dexterity
MPRegen 0.42/turn               (no ring)

@: heavily drained, very slow
A: AC +3, large, see invisible, deformed body, poison resistance, slowness 2,
spit poison 1, naga tail 1
a: Spit Poison


You were on level 9 of the Dungeon.
You visited 2 branches of the dungeon, and saw 10 of its levels.

You collected 559 gold pieces.
You spent 212 gold pieces at shops.

Inventory:

Hand Weapons
 d - a +0 scimitar (weapon)
Missiles
 j - a throwing net
Armour
 n - a +0 helmet (worn)
 A - +0 steam dragon scales (worn)
Jewellery
 i - a +6 ring of dexterity (left hand)
 q - the amulet "Oloulax" (around neck) {RegenMP rC++ Will+}
   (You bought it in a shop on level 4 of the Dungeon)

   [amulet of magic regeneration]

   It increases your rate of magic regeneration.
   rC:        It greatly protects you from cold.
   Will:      It increases your willpower.
 E - an amulet of reflection
Wands
 y - a wand of flame (18)
 z - a wand of acid (6)
 D - a wand of iceblast (8)
Scrolls
 a - 3 scrolls of identify
 e - a scroll of brand weapon
 g - a scroll of fear {unknown}
 h - a scroll of blinking
 k - a scroll of noise
 m - 2 scrolls of teleportation
 o - a scroll of enchant weapon
 t - a scroll of immolation
 u - a scroll of torment {unknown}
 v - a scroll of magic mapping {unknown}
 w - a scroll of enchant armour {unknown}
 x - 2 scrolls of fog {unknown}
 F - a scroll of amnesia {unknown}
Potions
 b - 3 potions of mutation {unknown}
 c - 4 potions of haste
 f - a potion of lignification
 l - 4 potions of heal wounds
 p - a potion of flight {unknown}
 r - 3 potions of curing {unknown}
 s - a potion of degeneration {unknown}
 B - a potion of might {unknown}
 C - a potion of brilliance {unknown}


   Skills:
 + Level 3.5 Fighting
 + Level 4.8 Long Blades
 + Level 2.7 Armour
 + Level 3.6 Dodging
 + Level 6.4 Stealth
 + Level 7.6 Spellcasting
 + Level 6.9 Conjurations
 + Level 1.0 Summonings
 + Level 1.2 Translocations
 + Level 2.4 Air Magic
 + Level 7.1 Poison Magic
 + Level 1.7 Evocations


You had 15 spell levels left.
You knew the following spells:

 Your Spells              Type           Power      Damage    Failure   Level
a - Magic Dart            Conj           100%       1d8       1%          1
b - Mephitic Cloud        Conj/Pois/Air  25%        N/A       3%          3
c - Conjure Flame         Conj/Fire      18%        6-21      8%          3
d - Blink                 Tloc           N/A        N/A       10%         2

Your spell library contained the following spells:

 Spells                   Type           Power      Damage    Failure   Level
 Poisonous Vapours        Pois/Air       44%        N/A       2%          2
 Corpse Rot               Necr/Air       N/A        N/A       10%         2
 Corona                   Hex            6%         N/A       11%         1
 Call Imp                 Summ           9%         N/A       11%         2
 Ensorcelled Hibernation  Hex/Ice        12%        N/A       17%         2
 Slow                     Hex            6%         N/A       17%         2
 Gell's Gravitas          Tloc           5%         N/A       21%         3
 Teleport Other           Tloc           10%        N/A       21%         3
 Iskenderun's Mystic Bla  Conj/Tloc      20%        2d6       21%         4
 Portal Projectile        Hex/Tloc       16%        N/A       26%         3
 Fulminant Prism          Conj/Hex       9%         3d7       26%         4
 Frozen Ramparts          Ice            12%        1d3       32%         3
 Tukima's Dance           Hex            6%         N/A       32%         3
 Alistair's Intoxication  Tmut/Pois      12%        N/A       56%         5
 Freezing Cloud           Conj/Ice/Air   8%         6-21      63%         5
 Summon Ice Beast         Ice/Summ       8%         N/A       65%         4
 Ice Form                 Ice/Tmut       6%         N/A       73%         4
 Summon Forest            Summ/Tloc      5%         N/A       88%         5
 Blade Hands              Tmut           3%         N/A       97%         5
 Borgnjor's Vile Clutch   Necr/Erth      3%         N/A       97%         5
 Excruciating Wounds      Necr           3%         N/A       97%         5
 Lee's Rapid Deconstruct  Erth           3%         3d6*      97%         5
 Eringya's Noxious Bog    Tmut/Pois      9%         N/A       98%         6
 Dispersal                Tloc           5%         N/A       100%        6
 Summon Hydra             Summ           4%         N/A       100%        7


Dungeon Overview and Level Annotations

Branches:
Dungeon (9/15)             Temple (1/1) D:5            Lair (0/6) D:8
    Orc: D:9-12

Altars:
Ashenzari
Cheibriados
Dithmenos
Fedhas
Hepliaklqana
Kikubaaqudgha
Makhleb
Nemelex Xobeh
Okawaru
Qazlal
Ru
Trog
Uskayaw
Xom
Yredelemnul
Zin
Jiyva

Shops:
D:4 *   D:7 ?

Annotations:
D:6 1 runed translucent door, R007833r's ghost, novice MiBe
D:9 Grum


Innate Abilities, Weirdness & Mutations

Your serpentine skin is tough. (AC +3)
You have supernaturally acute eyesight. (SInv)
Armour fits poorly on your strangely shaped body.
Your system is resistant to poisons. (rPois)
You cover ground very slowly.
You can spit poison.
You have a snake-like lower body.


Message History

You feel drained.
* * * LOW HITPOINT WARNING * * *
Casting: Magic Dart (safe; 1% risk of failure)
Confirm with . or Enter, or press ? or * to list all spells.
You blink.
The wight hits you with a +3 flail.
* * * LOW HITPOINT WARNING * * *
You feel drained.
Casting: Blink (safe; 10% risk of failure)
Confirm with . or Enter, or press ? or * to list all spells.
You blink.
Casting: Blink (safe; 10% risk of failure)
Confirm with . or Enter, or press ? or * to list all spells.
Aiming: Magic Dart (safe; 1% risk of failure)
Press: ? - help, Shift-Dir - straight line, f/p - wight
Aim: a wight, wielding a +3 flail and wearing a +1 robe of positive energy (translocational energy, almost destroyed, 100% to hit)
The magic dart hits the wight but does no damage.
The wight is almost destroyed.
Casting: Magic Dart (safe; 1% risk of failure)
Confirm with . or Enter, or press ? or * to list all spells.
Aiming: Magic Dart (safe; 1% risk of failure)
Press: ? - help, Shift-Dir - straight line, f/p - wight
Aim: a wight, wielding a +3 flail and wearing a +1 robe of positive energy (almost destroyed, 100% to hit)
The magic dart hits the wight.
The wight is almost destroyed.
That's the wrong kind of item! (Use * to select it.) Evoke which item? (* to show all) (? for menu, Esc to quit)
You don't have any such object.
Evoke which item? (* to show all) (? for menu, Esc to quit)
Okay, then.
Aiming: Throw Flame
Press: ? - help, Shift-Dir - straight line, f/p - wight
Aim: a wight, wielding a +3 flail and wearing a +1 robe of positive energy (almost destroyed, 71% to hit)
The puff of flame misses the wight.
Casting: Magic Dart (safe; 1% risk of failure)
Confirm with . or Enter, or press ? or * to list all spells.
You blink.
Casting: Blink (safe; 10% risk of failure)
Confirm with . or Enter, or press ? or * to list all spells.
You blink.
The wight hits you with a +3 flail!
You die...

#..#....#...#.###'
#..######...###...
#.................
#)....†.......####
#+##)####†.......#
.#####....#
#........#
..........#
#......###
..........#
######.#
.......§z@# .#
..........# ##
###########


You could see a wight.

Vanquished Creatures
  A two-headed ogre (D:6)
  A yak (D:6)
  2 steam dragons
  An acid dragon (D:8)
  A water moccasin (D:8)
  Duvessa (D:4)
  2 sky beasts
  4 orc warriors
  3 ice beasts
  2 ogres
  7 centaurs
  A phantom (D:5)
  2 kobold brigands
  A gnoll sergeant (D:8)
  A bullfrog (D:8)
  2 scorpions
  A wyvern skeleton (D:5)
  Dowan (D:4)
  14 killer bees
  6 wights (D:9)
  A howler monkey (D:6)
  An electric eel (D:6)
  2 centaur zombies (D:8)
  3 orc priests
  2 hounds
  A bullfrog zombie (D:6)
  A gnoll shaman (D:6)
  2 jellies (D:6)
  Jessica (D:3)
  2 iguanas
  Natasha (thrice) (D:2)
  8 orc wizards
  Robin (D:3)
  12 gnolls
  9 adders
  A shadow imp (D:7)
  2 white imps
  3 worms
  3 dart slugs
  32 orcs
  2 ball pythons
  9 endoplasms
  5 giant cockroaches
  19 goblins
  9 hobgoblins
  4 jackals (D:2)
  16 kobolds
  2 quokkas
  10 bats
  A frilled lizard (D:1)
  6 rats
227 creatures vanquished.

Vanquished Creatures (collateral kills)
  A gnoll (D:8)
1 creature vanquished.

Vanquished Creatures (others)
  5 withered plants (D:7)
5 creatures vanquished.

Grand Total: 233 creatures vanquished

Notes
Turn   | Place    | Note
-------+----------+-------------------------------------------
     0 | D:1      | zazu2006 the Naga Hedge Wizard began the quest for the Orb.
     0 | D:1      | Reached XP level 1. HP: 15/15 MP: 4/4
   238 | D:1      | Reached XP level 2. HP: 14/22 MP: 0/6
   838 | D:1      | Found a faded altar of an unknown god.
  1189 | D:2      | Reached XP level 3. HP: 23/28 MP: 4/8
  1289 | D:2      | Learned a level 3 spell: Mephitic Cloud
  1293 | D:2      | Learned a level 3 spell: Conjure Flame
  1296 | D:2      | Learned a level 2 spell: Blink
  2025 | D:2      | Reached XP level 4. HP: 36/36 MP: 6/10
  2078 | D:2      | Reached skill level 1 in Poison Magic
  2261 | D:2      | Noticed Natasha
  2272 | D:2      | Killed Natasha
  2764 | D:3      | Found a bloodstained altar of Trog.
  2831 | D:2      | Noticed Natasha
  2843 | D:2      | Killed Natasha
  2844 | D:2      | Reached XP level 5. HP: 33/43 MP: 1/11
  3064 | D:3      | Noticed Jessica
  3073 | D:3      | Killed Jessica
  3074 | D:3      | Reached skill level 1 in Fighting
  3153 | D:3      | Noticed Robin
  3235 | D:2      | Noticed Natasha
  3266 | D:2      | Killed Natasha
  3267 | D:2      | Reached skill level 1 in Armour
  3475 | D:3      | Killed Robin
  3476 | D:3      | Reached XP level 6. HP: 13/52 MP: 4/13
  5108 | D:4      | Found Woxzucug's Assorted Antiques.
  5156 | D:4      | Bought an ancient jade amulet for 100 gold pieces
  5156 | D:4      | Identified the amulet "Oloulax" {RegenMP rC++ Will+} (You
                  | bought it in a shop on level 4 of the Dungeon)
  5261 | D:4      | Found a stormy altar of Qazlal.
  5401 | D:4      | Noticed Duvessa
  5401 | D:4      | Noticed Dowan
  5440 | D:4      | Killed Dowan
  5638 | D:4      | Killed Duvessa
  5639 | D:4      | Reached skill level 5 in Spellcasting
  5639 | D:4      | Reached XP level 7. HP: 50/58 MP: 8/14
  5867 | D:5      | Entered Level 5 of the Dungeon
  6424 | D:5      | Found a staircase to the Ecumenical Temple.
  6433 | Temple   | Entered the Ecumenical Temple
  6727 | D:5      | Reached skill level 1 in Air Magic
  6956 | D:5      | Found a blossoming altar of Fedhas.
  7114 | D:5      | Reached XP level 8. HP: 60/67 MP: 2/16
  7161 | D:5      | You fall into a shaft and drop 2 floors!
  7294 | D:7      | Reached skill level 1 in Evocations
  7488 | D:6      | Found a shadowy altar of Dithmenos.
  7633 | D:6      | Found a runed translucent door.
  7634 | D:6      | Noticed R007833r's ghost (novice MiBe)
  7818 | D:6      | Reached skill level 5 in Poison Magic
  7927 | D:6      | Noticed a two-headed ogre
  7930 | D:6      | Noticed a yak
  7936 | D:6      | Killed a yak
  7955 | D:6      | Killed a two-headed ogre
  7956 | D:6      | Reached skill level 5 in Conjurations
  7956 | D:6      | Reached XP level 9. HP: 18/74 MP: 7/19
  9169 | D:7      | Found an ancient bone altar of Kikubaaqudgha.
  9227 | D:7      | Reached skill level 5 in Stealth
  9518 | D:7      | Found Mummosip's Magic Scroll Boutique.
  9524 | D:7      | Bought a scroll of blinking for 112 gold pieces
  9812 | D:7      | Reached skill level 1 in Long Blades
 10301 | D:8      | Reached XP level 10. HP: 43/82 MP: 21/21
 10513 | D:8      | Found a staircase to the Lair.
 12305 | D:9      | Noticed Grum
 12835 | D:9      | Slain by a wight

Illustrated notes

Levels and vault maps discovered:
D:1:      dpeg_arrival_shelter, layout_basic, basic_ecumenical_altar
D:2:      layout_loops_cross, uniq_natasha
D:3:      minmay_octagon_keep, layout_basic, mainiacjoe_overflow_tiny_flanked,
          uniq_robin, uniq_jessica
D:4:      layout_rooms, nicolae_qazlal_eye_of_the_storm, serial_shops,
          nicolae_shop_trees, uniq_duvessa
D:5:      layout_gridville, lemuel_tele_altar, grunt_temple_overflow_open,
          minmay_temple_entry_slanted, minmay_circle_x
D:6:      kennysheep_big_flooded_room, layout_loops_ring,
          nicolae_dithmenos_shadow_blocks, hellmonk_ghost_happy_afterlife,
          fountainhead
D:7:      layout_cave_pools, kiku_gazebo_garden_becter, serial_shops,
          kennysheep_mini, minmay_misc_feat_rugged, grunt_ministairs_6,
          chequers_serial_rivers_small_a, minmay_misc_feat_more_columns
D:8:      layout_basic, lair_entry_dummy, grunt_ministairs_9, eino_jars
D:9:      layout_irregular_city, minmay_orc_entry_temple_small, uniq_grum
Temple:   pf_slimified_temple

Skill      XL: |  1  2  3  4  5  6  7  8  9 10 |
---------------+-------------------------------+-----
Spellcasting   | 4 5 7 |  7.6
Poison Magic   | 1 2 3 4 5 6 7 |  7.1
Conjurations   | 2 3 5 6 |  6.9
Fighting       | 1 2 3 |  3.5
Armour         | 1 2 |  2.7
Dodging        | 2 3 |  3.6
Air Magic      | 1 2 |  2.4
Evocations     | 1 |  1.7
Stealth        | 4 5 6 |  6.4
Long Blades    | 2 4 |  4.8
Summonings     | |  1.0
Translocations | |  1.2

Action                   |  1- 3 |  4- 6 |  7- 9 | 10-12 || total
-------------------------+-------+-------+-------+-------++-------
Melee: Dagger            |     6 |    57 |    36 |       ||    99
       Scimitar          |       |       |    70 |   104 ||   174
 Cast: Magic Dart        |    87 |   170 |   232 |    39 ||   528
       Mephitic Cloud    |       |    11 |    26 |    16 ||    53
       Blink             |       |       |     4 |     5 ||     9
       Conjure Flame     |       |       |     2 |       ||     2
 Abil: Spit Poison       |    21 |    35 |    31 |     8 ||    95
Evoke: Wand              |       |       |     7 |     5 ||    12
  Use: Potion            |       |     1 |       |       ||     1
       Scroll            |       |       |     7 |       ||     7
 Stab: Confused          |       |     1 |     8 |    13 ||    22
       Sleeping          |       |       |     2 |     3 ||     5
Armor: Robe              |     5 |       |       |       ||     5
       Leather armour    |     8 |    37 |    20 |       ||    65
       Steam dragon scal |       |       |    36 |    64 ||   100
Dodge: Dodged            |    23 |    53 |    93 |   129 ||   298
       Rpst.: Scimitar   |       |       |    11 |    34 ||    45

Table legend: (Time is in decaauts)
 A = Elapsed time spent in this place.
 B = Non-inter-level travel time spent in this place.
 C = Inter-level travel time spent in this place.
 D = Time resting spent in this place.
 E = Time spent auto-exploring this place.
 F = Levels seen in this place.
 G = Mean time per level.
                   A        B        C        D        E       F      G
               +--------+--------+--------+--------+--------+-----+--------+
         Total |  15160 |  14849 |    311 |   2429 |  10112 |  10 | 1516.0 |
       Dungeon |  14982 |  14690 |    292 |   2429 |   9995 |   9 | 1664.7 |
        Temple |    178 |    160 |     18 |      0 |    117 |   1 |  178.0 |
               +--------+--------+--------+--------+--------+-----+--------+

Top non-repeatable levels by time:
     D:8: 2752 daAuts
     D:3: 2266 daAuts
     D:2: 2262 daAuts
     D:6: 1970 daAuts
     D:7: 1578 daAuts
     D:5: 1417 daAuts
     D:1: 1377 daAuts
     D:4: 943 daAuts
     D:9: 414 daAuts
  Temple: 178 daAuts
